Map: Automaton LE

Players

souL - Winner!

  • Race: Terran Terran
  • Spawn Location: 9:00

SortOf

  • Race: Zerg Zerg
  • Spawn Location: 3:00

Event: 2019 WCS Spring

VOD

Have the link to the VOD?

Description

Time

  • Played on: May 17, 2019, 10:07 a.m.
  • Length: 18:31

All games in this series

Show
View Real Time Build Order
Export as new Build Order

souL Terran - Winner!

Build Orders: Gas First Reaper Expand, Hellion Opening 

Get SALT Encoding   

  12  0:00  SCV  
  13  0:12  SCV  
  14  0:18  Supply Depot  
  14  0:25  SCV  
  15  0:30  Refinery  
  15  0:39  SCV  
  16  0:46  Barracks  
  16  0:51  SCV  
  17  1:03  SCV  
  18  1:16  SCV  
  19  1:33  Reaper, Orbital Command  
  20  1:45  Command Center  
  20  1:55  Factory  
  20  2:00  SCV  
  21  2:08  Supply Depot  
  21  2:09  Barracks Reactor  
  21  2:12  SCV  
  22  2:17  Refinery  
  22  2:24  SCV  
  23  2:36  SCV  
  24  2:47  Starport  
  24  2:52  SCV  
  24  2:55  Hellion x2  
  24  2:58  Orbital Command  
  29  3:02  Barracks Tech Lab  
  29  3:04  SCV  
  30  3:16  SCV, Hellion x2  
  35  3:24  Viking  
  37  3:28  SCV  
  37  3:33  Marine  
  39  3:35  Supply Depot  
  39  3:41  SCV  
  39  3:44  Hellion x2  
  39  3:47  SCV  
  44  3:58  SCV  
  44  3:59  SCV  
  44  4:01  Marine  
  43  4:03  Medivac  
  43  4:05  Hellion  
  47  4:10  Armory, SCV  
  47  4:13  Hellion  
  50  4:17  Supply Depot  
  50  4:19  SCV, Stimpack  
  50  4:21  Liberator, Marine  
  52  4:28  Hellion  
  54  4:38  SCV  
  54  4:39  Hellion  
  54  4:40  SCV  
  54  4:41  Supply Depot  
  54  4:45  Barracks  
  61  4:51  SCV  
  62  4:59  Engineering Bay, Supply Depot  
  62  5:03  SCV x2  
  64  5:14  Command Center  
  64  5:15  SCV  
  64  5:17  SCV  
  66  5:22  Starport Reactor  
  66  5:27  SCV  
  65  5:28  Terran Infantry Weapons Level 1  
  65  5:31  SCV  
  66  5:39  SCV  
  66  5:42  Factory Tech Lab  
  65  5:43  SCV  
  65  5:44  Marine, Refinery  
  65  5:45  Refinery  
  65  5:47  Marine  
  65  5:48  Marine  
  59  5:51  SCV  
  59  5:55  SCV  
  55  5:57  Supply Depot  
  55  5:59  Medivac x2  
  55  6:01  Barracks  
  55  6:02  Marine  
  55  6:03  SCV  
  61  6:05  Marine x2  
  61  6:07  Siege Tank  
  61  6:08  SCV  
  67  6:12  Engineering Bay  
  67  6:15  SCV  
  68  6:20  SCV, Supply Depot, Marine  
  68  6:23  Combat Shield, Marine x2  
  72  6:27  Orbital Command  
  72  6:29  SCV  
  72  6:32  SCV  
  74  6:37  Marine  
  75  6:41  Marine x2  
  75  6:42  Terran Infantry Armor Level 1  
  75  6:45  Siege Tank  
  80  6:47  Medivac  
  80  6:48  Supply Depot  
  80  6:51  SCV x2, Supply Depot  
  80  6:52  Orbital Command  
  84  6:55  Marine  
  84  6:59  Marine x2  
  87  7:03  SCV x2  
  90  7:10  Barracks Reactor  
  90  7:13  Marine  
  90  7:15  SCV x2  
  92  7:17  Marine  
  92  7:18  SCV  
  92  7:19  Supply Depot, Marine  
  92  7:20  Supply Depot  
  95  7:27  SCV x2  
  97  7:30  SCV  
  97  7:31  Marine  
  97  7:34  Siege Tank, Marine  
  103  7:37  Marine  
  103  7:39  SCV x2, Liberator  
  103  7:40  Terran Infantry Weapons Level 2  
  103  7:42  SCV  
  107  7:48  Marine  
  107  7:49  Marine  
  109  7:51  SCV  
  109  7:52  SCV, Marine x2  
  109  7:53  Barracks x2  
  109  7:54  SCV  
  109  7:55  Medivac, Marine  
  117  8:03  Refinery, Supply Depot  
  117  8:04  SCV x2  
  117  8:05  Supply Depot  
  118  8:07  Marine  
  118  8:10  Marine  
  120  8:13  Command Center, Marine  
  120  8:18  Marine x2  
  119  8:24  Marine  
  120  8:28  Marine  
  120  8:29  SCV  
  120  8:30  Marine, Factory, Refinery  
  123  8:35  Siege Tank, Marine x2  
  129  8:42  Marine  
  129  8:44  Barracks Reactor x2  
  129  8:46  Marine  
  128  8:48  Marine  
  128  8:50  Medivac x2  
  128  8:54  Marine  
  132  8:58  Marine  
  132  9:00  Marine  
  134  9:03  Marine  
  134  9:06  Marine  
  135  9:12  Supply Depot, Marine  
  135  9:14  Factory Tech Lab, Supply Depot  
  135  9:15  SCV  
  135  9:16  Marine  
  135  9:17  SCV  
  136  9:18  Marine  
  136  9:20  Medivac  
  136  9:21  SCV, Marine  
  136  9:22  Missile Turret, Factory Reactor  
  136  9:23  Missile Turret  
  136  9:24  Marine x5  
  142  9:25  Missile Turret  
  142  9:26  Thor, Drilling Claws  
  142  9:30  Marine  
  142  9:31  SCV  
  151  9:34  Marine  
  151  9:36  Marine  
  151  9:38  Missile Turret  
  153  9:39  Terran Infantry Armor Level 2, Marine  
  153  9:41  SCV  
  153  9:43  Marine  
  156  9:48  Medivac  
  156  9:52  Marine  
  155  9:54  Marauder  
  155  9:57  Barracks  
  155  9:58  Terran Vehicle And Ship Armor Level 1, Barracks  
  155  9:59  Planetary Fortress, Missile Turret, Barracks  
  157  10:05  Marine  
  162  10:07  Widow Mine x2  
  162  10:09  Terran Infantry Weapons Level 3  
  162  10:15  Marauder  
  162  10:19  Marine  
  162  10:20  Thor  
  170  10:28  Missile Turret x2  
  164  10:36  Marine  
  164  10:37  Marauder  
  164  10:38  Marine  
  164  10:39  Marine  
  164  10:40  Marine  
  133  10:43  Marine  
  133  10:45  Marine  
  133  10:47  Widow Mine x2  
  137  10:50  SCV x2  
  137  10:51  SCV  
  137  10:54  Marine  
  141  10:58  Marauder  
  141  11:01  Medivac x2, Marine  
  141  11:02  SCV, Marine x3  
  141  11:03  SCV  
  141  11:04  Barracks Tech Lab x3  
  153  11:08  Command Center  
  153  11:11  Marine  
  149  11:12  Marine  
  149  11:15  Marine x2  
  145  11:19  Marine  
  145  11:20  Marauder  
  145  11:25  Marauder, Marine x5  
  137  11:28  Marine  
  137  11:30  Marine  
  124  11:32  Marine  
  124  11:33  Medivac, Marine  
  124  11:35  Widow Mine  
  124  11:37  Marine  
  116  11:41  Marauder  
  116  11:46  Widow Mine x2  
  122  11:49  Marauder, Marine  
  122  11:51  Marine  
  122  11:54  Marine  
  120  11:56  Widow Mine, Marine  
  122  12:01  SCV  
  122  12:03  Marauder x2  
  122  12:04  Missile Turret  
  122  12:07  Widow Mine  
  122  12:08  SCV x2  
  130  12:12  Marauder  
  130  12:14  Marauder  
  130  12:18  SCV  
  130  12:20  Planetary Fortress  
  131  12:24  Marauder  
  131  12:27  Terran Infantry Armor Level 3  
  131  12:29  Marauder  
  135  12:32  Marine  
  135  12:33  Marauder  
  138  12:39  Marine  
  138  12:40  Marauder, Sensor Tower, Marine x4  
  138  12:44  Marine x2  
  146  12:45  Marine  
  146  12:49  Marine, Widow Mine  
  146  12:50  Marauder  
  151  12:54  Marine  
  151  12:57  Marine x2  
  148  12:59  Thor  
  148  13:02  Widow Mine  
  156  13:06  SCV  
  156  13:07  SCV x2  
  156  13:09  Marauder  
  156  13:11  Orbital Command  
  161  13:13  Widow Mine  
  161  13:19  SCV x3  
  164  13:20  Marine  
  164  13:23  Widow Mine  
  164  13:24  Marine  
  150  13:27  Marine  
  150  13:28  Marine  
  150  13:29  Marauder, Marine  
  150  13:31  SCV x2, Marine x6  
  149  13:34  Widow Mine  
  149  13:37  SCV  
  149  13:38  Marine  
  153  13:43  SCV x2  
  153  13:45  Medivac  
  153  13:47  Medivac  
  153  13:48  Marine  
  160  13:49  SCV  
  160  13:52  Sensor Tower  
  160  13:53  Missile Turret  
  160  13:54  Missile Turret  
  161  13:59  Marauder  
  161  14:00  Marauder x2  
  161  14:01  Widow Mine  
  169  14:06  Thor  
  169  14:08  Widow Mine  
  169  14:09  Marauder  
  179  14:17  Marine  
  179  14:19  Marine  
  179  14:23  Marauder x2, Refinery  
  180  14:30  Supply Depot  
  180  14:31  Supply Depot  
  180  14:32  Marine  
  180  14:51  Command Center  
  180  14:52  Refinery, Marauder, Medivac, Widow Mine x2  
  188  14:53  Medivac, Marine x4, Widow Mine  
  188  14:55  Command Center  
  196  15:18  Marine  
  196  15:19  Marauder x3  
  196  15:20  Marine  
  196  15:21  Marine x6  
  195  15:22  Medivac, Marine  
  191  15:32  Widow Mine  
  191  15:33  Widow Mine  
  189  15:36  Marine  
  189  15:38  Marine x3  
  189  15:39  Marine x4  
  189  15:40  Marauder x2, Marine x2  
  165  15:44  Medivac  
  165  15:49  Widow Mine  
  157  15:52  Medivac  
  157  15:54  Marine  
  157  15:56  Marine x6  
  161  15:57  Marine x2  
  161  16:01  Marine  
  161  16:03  Marauder x2  
  168  16:04  Widow Mine  
  168  16:09  Thor  
  172  16:12  Marine  
  172  16:13  Marine  
  172  16:14  Marine x5  
  172  16:15  Marine  
  180  16:19  Marauder  
  180  16:24  Marauder x2  
  177  16:27  Missile Turret  
  177  16:28  Missile Turret  
  177  16:29  Widow Mine x2  
  177  16:30  Orbital Command, Marine  
  177  16:31  Marine  
  177  16:32  Marine  
  184  16:34  Barracks Tech Lab  
  184  16:38  Marine x4  
  187  16:40  Marine  
  187  16:41  Marauder  
  187  16:46  Marauder  
  188  16:51  Neosteel Armor  
  188  16:52  Planetary Fortress, Thor  
  188  16:53  Marine  
  188  16:54  Marauder  
  197  16:57  Marine x3  
  200  17:06  Marine, Barracks  
  199  17:08  Barracks  
  199  17:13  Marine  
  200  17:20  Marauder, Marine  
  200  17:21  Marine x7  
  197  17:24  Marine  
  189  17:31  Marine  
  189  17:32  Widow Mine  
  189  17:35  Thor  
  198  17:38  Marine x2  
  196  17:44  Marine  
  196  17:45  Marauder  
  196  17:47  Marauder, Marine x2  
  196  17:50  Marauder  
  190  17:55  Marine  
  189  17:58  Marine  
  189  18:00  Widow Mine x2  
  189  18:04  Command Center  
  194  18:06  Marauder, Marine  
  194  18:08  Marine  
  194  18:09  Marauder, Marine  
  194  18:10  Marine x3  
Show
View Real Time Build Order
Export as new Build Order

SortOf Zerg 

Build Orders: Hatch First, Muta Ling Bane 

Get SALT Encoding   

  12  0:01  Drone  
  13  0:12  Overlord  
  13  0:18  Drone  
  14  0:31  Drone x2  
  16  0:51  Hatchery  
  16  0:53  Drone  
  16  0:56  Drone  
  17  1:00  Drone  
  18  1:13  Extractor  
  18  1:15  Spawning Pool  
  16  1:19  Drone  
  16  1:22  Drone  
  18  1:29  Drone  
  19  1:39  Drone  
  20  1:50  Overlord  
  20  2:02  Queen x2  
  20  2:04  Zergling x4  
  26  2:11  Drone  
  26  2:13  Drone  
  28  2:28  Hatchery  
  27  2:30  Drone  
  27  2:35  Metabolic Boost  
  28  2:39  Drone  
  28  2:41  Drone  
  30  2:49  Drone  
  30  2:51  Overlord  
  31  2:54  Drone x2  
  33  3:01  Queen  
  33  3:05  Drone  
  36  3:15  Drone x5  
  41  3:28  Overlord  
  41  3:30  Drone x2  
  41  3:33  Drone  
  44  3:39  Queen  
  44  3:40  Drone x2  
  48  3:45  Spore Crawler x2  
  48  3:47  Spore Crawler  
  48  3:48  Zergling x4  
  46  3:50  Drone  
  43  3:58  Drone  
  43  4:00  Drone x2  
  43  4:02  Drone x2  
  51  4:04  Queen  
  51  4:08  Overlord  
  53  4:17  Overlord  
  53  4:20  Overlord  
  53  4:29  Evolution Chamber x2  
  53  4:30  Drone x7  
  58  4:36  Zergling x8  
  62  4:41  Queen  
  62  4:43  Drone  
  62  4:44  Drone  
  65  4:50  Drone x2  
  65  4:51  Queen  
  69  4:55  Drone x2  
  69  4:56  Drone  
  69  4:59  Zerg Melee Weapons Level 1  
  72  5:03  Overlord  
  72  5:06  Overlord  
  72  5:09  Spore Crawler, Zerg Ground Armor Level 1  
  72  5:13  Zergling x4  
  73  5:17  Zergling x4  
  73  5:31  Drone  
  72  5:38  Drone x2  
  72  5:42  Drone x4  
  76  5:44  Drone x5  
  81  5:53  Drone x6  
  85  5:58  Extractor  
  85  6:01  Extractor, Baneling Nest  
  85  6:02  Extractor  
  85  6:03  Extractor x2, Drone x3  
  82  6:13  Drone x3  
  85  6:19  Drone x3  
  85  6:25  Hatchery  
  87  6:30  Lair, Overlord  
  87  6:32  Overlord  
  87  6:35  Zergling x6  
  87  6:39  Overlord  
  90  6:43  Overlord x2  
  90  6:49  Zergling x12  
  90  6:50  Pneumatized Carapace  
  90  6:54  Overlord  
  96  7:00  Baneling x6  
  96  7:03  Zergling x12  
  96  7:04  Spore Crawler  
  101  7:10  Zergling x6  
  103  7:21  Zergling x10  
  108  7:29  Zerg Ground Armor Level 2, Zerg Melee Weapons Level 2  
  108  7:36  Centrifical Hooks, Hatchery  
  107  7:37  Drone x2  
  107  7:39  Baneling x4, Spire  
  107  7:41  Hatchery  
  107  7:57  Queen, Drone  
  105  8:02  Drone  
  104  8:05  Zergling x2  
  104  8:06  Zergling x30  
  120  8:16  Hatchery  
  117  8:25  Drone  
  118  8:28  Drone x6  
  118  8:29  Drone x3  
  127  8:38  Hatchery  
  123  8:52  Drone x4  
  123  8:55  Extractor  
  124  8:56  Mutalisk x6, Baneling x2  
  124  8:58  Zerg Flyer Weapons Level 1  
  124  8:59  Overseer  
  133  9:07  Zergling x14  
  133  9:09  Drone  
  138  9:11  Drone  
  138  9:12  Drone  
  138  9:17  Drone x4  
  138  9:20  Overlord x3  
  138  9:21  Overlord  
  142  9:27  Baneling x6  
  142  9:32  Overlord x2  
  142  9:37  Drone  
  143  9:42  Mutalisk x6  
  143  9:43  Mutalisk x4  
  163  9:48  Zergling x4  
  164  9:53  Zergling x12  
  164  9:56  Baneling x10  
  170  10:00  Zergling x8  
  170  10:05  Overlord, Baneling  
  170  10:06  Baneling x8  
  174  10:09  Zergling x6  
  177  10:15  Zergling x12  
  177  10:19  Baneling x8  
  183  10:24  Zergling x8  
  139  10:44  Zergling x38  
  145  10:51  Baneling x8, Zergling x4  
  145  10:53  Baneling x2  
  145  10:54  Baneling x2  
  147  10:59  Drone x4  
  147  11:00  Drone x2  
  147  11:01  Zergling x2  
  147  11:02  Zergling x6  
  147  11:03  Baneling x6  
  157  11:05  Zergling x2  
  157  11:06  Zergling x4  
  156  11:16  Zergling x16  
  145  11:29  Zergling x28  
  149  11:44  Mutalisk x6  
  154  11:54  Drone  
  154  11:55  Drone x4  
  159  12:03  Overseer x2  
  159  12:05  Mutalisk x5  
  169  12:08  Hatchery  
  169  12:10  Overlord  
  167  12:16  Zergling x14  
  174  12:26  Zergling x2  
  174  12:27  Zergling x14  
  178  12:30  Baneling  
  178  12:31  Baneling x10  
  178  12:32  Baneling x2  
  178  12:39  Zergling x12  
  184  12:56  Baneling x24  
  184  12:59  Zergling x14  
  191  13:10  Zergling x16  
  199  13:13  Baneling x7  
  153  13:31  Zergling x6  
  153  13:32  Zergling x32  
  142  13:37  Infestation Pit  
  142  13:38  Mutalisk x3  
  147  13:44  Mutalisk x3  
  153  13:48  Mutalisk x2  
  153  13:52  Baneling x9  
  157  13:58  Mutalisk x3  
  163  14:03  Zergling x14  
  170  14:13  Baneling x9  
  170  14:14  Baneling x6  
  170  14:21  Hatchery  
  169  14:24  Zergling x2  
  169  14:25  Zergling x16  
  177  14:32  Hive  
  177  14:35  Zerg Flyer Weapons Level 2  
  176  14:39  Baneling x5  
  176  14:43  Zergling x20  
  184  15:05  Baneling x22  
  184  15:06  Zergling x26  
  170  15:23  Baneling  
  170  15:24  Zergling x2  
  154  15:29  Zergling x2  
  154  15:30  Zergling x28  
  132  15:43  Zergling x24  
  142  15:50  Drone x6  
  142  15:53  Drone x3  
  141  16:00  Zergling x6  
  139  16:07  Baneling  
  139  16:08  Baneling x13  
  139  16:18  Ultralisk Cavern  
  138  16:22  Zergling x10  
  143  16:40  Baneling  
  143  16:41  Zergling x4  
  143  16:42  Zergling x22  
  154  16:51  Drone x3  
  154  16:52  Drone x2  
  154  16:53  Drone x3  
  162  16:54  Baneling x2  
  162  17:01  Zergling x20  
  168  17:03  Baneling x5  
  168  17:05  Overlord  
  161  17:20  Zergling x2  
  161  17:21  Zergling x22  
  156  17:28  Zergling x10  
  148  17:35  Baneling x2  
  134  17:39  Zergling x14  
  136  17:45  Spawning Pool  
  121  18:01  Baneling  
  123  18:07  Overseer  
  123  18:08  Overseer  
Tags
 
Add a new tag
Caveats
  • Supply blocks, unpowered buildings, or Contaminate may cause inaccurate times.
  • Supply counts are checked every 10 seconds.